 Dungeon Crawl Stone Soup version 0.30-a0-937-ga0a21ad780 (webtiles) character file.

Game seed: 14204767650066266393

56 demibob the Cudgeller (level 3, -5/29 HPs)
             Began as a Demonspawn Chaos Knight on Mar 25, 2023.
             Was a Plaything of Xom.
             Slain by a gnoll
             ... wielding a +0 spear
              (8 damage)
             ... on level 2 of the Dungeon.
             The game lasted 00:01:41 (982 turns).

demibob the Cudgeller (Demonspawn Chaos Knight)      Turns: 982, Time: 00:01:41

Health: -5/29      AC:  5    Str: 14    XL:     3   Next: 71%
Magic:  3/3        EV: 11    Int: 13    God:    Xom [..*...]
Gold:   90         SH:  4    Dex: 12    Spells: 2/2 levels left

rFire   . . .      SeeInvis .    a - +1 mace (chaos)
rCold   . . .      Faith    .    (no shield)
rNeg    . . .      Spirit   .    b - +2 leather armour
rPois   .          Reflect  .    (no helmet)
rElec   .          Rampage  .    (no cloak)
rCorr   .                        (no gloves)
Will    .....                    (no boots)
Stlth   +                        (no amulet)
HPRegen 0.24/turn                (no ring)
MPRegen 0.08/turn                (no ring)

@: mighty
A: condensation shield
a: Renounce Religion


You were on level 2 of the Dungeon.
You worshipped Xom.
You were a toy of Xom.
You visited 1 branch of the dungeon, and saw 2 of its levels.

You collected 90 gold pieces.


Innate Abilities, Weirdness & Mutations

A meltable shield of frost defends you. (SH +4)


   Skills:
 - Level 3.0 Fighting
 + Level 4.3 Maces & Flails
 - Level 1.7 Armour
 - Level 0.8 Dodging


You had 2 spell levels left.
You didn't know any spells.
Your spell library contained the following spells:

 Spells                   Type           Power      Damage    Failure   Level
 Summon Forest            Summ/Tloc      0%         N/A       100%        5
 Summon Mana Viper        Hex/Summ       0%         N/A       100%        5
 Summon Cactus Giant      Summ           0%         N/A       100%        6

Inventory:

Hand Weapons
 a - a +1 mace of chaos (weapon)
Armour
 b - a +2 leather armour (worn)
 d - a +0 pair of boots
 e - a +0 helmet
Potions
 f - a potion of attraction {unknown}
 g - a potion of curing {unknown}
 h - a potion of might
 i - a potion of brilliance {unknown}
Miscellaneous
 c - a piece from Xom's chessboard (15/15) (quivered)

Dungeon Overview and Level Annotations

Branches:
Dungeon (2/15)

Altars:

#.###.g..........................
#........####........#...####.#.#
#######....#*........#...####.#.#
***#.##g# ........#...##.....#
,,...##.################.....#
****######g.##......#######.....#
* * ##..#............#..)..# , **
##.#5§§.........#.....# ,, *
#)†§g@.........#..)..# , ,
###§§.)........###.#.. **,,*
#............# #.#.. *,
####.##......# #.#.. * , *
#.........# #.#.. * ,
####.†#######.#.. *
##.#####...... ,, * #....##......
* ####.##......


You could see a gnoll (ally target) and a friendly iron imp (summoned).


Message History

You kill the gnoll!
Your iron imp barely misses the gnoll.
Your iron imp barely misses the gnoll.
You closely miss the gnoll. You block the gnoll's attack.
The gnoll barely misses you.
Your iron imp hits the gnoll.
You completely miss the gnoll.
The gnoll is lightly wounded.
The gnoll completely misses you.
You closely miss the gnoll.
The gnoll is lightly wounded.
The gnoll misses you. x2; Your iron imp hits the gnoll.
The gnoll misses you.
The gnoll hits you from afar with a +0 spear.
* * * LOW HITPOINT WARNING * * *
You emit a cloud of colourful smoke!
Your iron imp hits the gnoll.
The gnoll barely misses you.
Your iron imp hits the gnoll.
You closely miss the gnoll.
The gnoll is heavily wounded.
Your iron imp hits the gnoll.
The gnoll hits you from afar with a +0 spear.
* * * LOW HITPOINT WARNING * * *
You barely miss the gnoll. Your punch misses the gnoll.
The gnoll is heavily wounded.
You block the gnoll's attack. The gnoll closely misses you.
Your iron imp hits the gnoll but does no damage.
You sock the gnoll!
You kill the gnoll!
The gnoll closely misses you.
Your iron imp hits the gnoll!
The gnoll hits you with a +0 spear!
You die...

Skill      XL: |  1  2 |
---------------+-------+-----
Maces & Flails | 3 4 |  4.3
Fighting       | |  3.0
Armour         | |  1.7
Dodging        | |  0.8

Action                     || total
---------------------------++-------
  Melee: Mace              ||    64
    Use: Scroll            ||     2
         Potion            ||     1
   Stab: Sleeping          ||     1
 Armour: Leather armour    ||    19
  Dodge: Dodged            ||    51
  Block: Other             ||     7

Levels and vault maps discovered:
D:1:      lightli_arrival_windingriver, layout_basic, minmay_door_square,
          chequers_serial_rivers_room_b, minivault_25
D:2:      layout_basic, dreamdust_ecumenical_altar_grove

Notes
Turn   | Place    | Note
-------+----------+-------------------------------------------
     0 | D:1      | demibob the Demonspawn Chaos Knight began the quest for the
                  | Orb.
     0 | D:1      | Reached XP level 1. HP: 18/18 MP: 1/1
   121 | D:1      | Reached skill level 3 in Maces & Flails
   122 | D:1      | XOM: silly message
   268 | D:1      | Gained mutation: A meltable shield of frost defends you.
                  | (SH +4) [demonic ancestry]
   268 | D:1      | Reached XP level 2. HP: 24/24 MP: 2/2
   307 | D:1      | XOM: silly message
   909 | D:2      | XOM: god gift: scroll labelled RIDASE JAJIA {god gift}
   954 | D:2      | XOM: divination: magic mapping
   966 | D:2      | XOM: summons friendly iron imp
   970 | D:2      | Reached skill level 4 in Maces & Flails
   970 | D:2      | Reached XP level 3. HP: 7/29 MP: 3/3
   976 | D:2      | XOM: smoke on damage
   982 | D:2      | Slain by a gnoll

Vanquished Creatures
  2 gnolls (D:2)
  3 bats
  5 endoplasms
  2 goblins
  3 hobgoblins (D:2)
  4 ball pythons
  5 kobolds
  2 rats
26 creatures vanquished.

Vanquished Creatures (collateral kills)
  A gnoll (D:2)
1 creature vanquished.

Vanquished Creatures (others)
  A ball python zombie (D:2)
1 creature vanquished.

Grand Total: 28 creatures vanquished

Table legend: (Time is in decaauts)
 A = Elapsed time spent in this place.
 B = Non-inter-level travel time spent in this place.
 C = Inter-level travel time spent in this place.
 D = Time resting spent in this place.
 E = Time spent auto-exploring this place.
 F = Levels seen in this place.
 G = Mean time per level.
                   A        B        C        D        E       F      G
               +--------+--------+--------+--------+--------+-----+--------+
         Total |   1000 |    977 |     23 |      0 |    770 |   2 |  500.0 |
       Dungeon |   1000 |    977 |     23 |      0 |    770 |   2 |  500.0 |
               +--------+--------+--------+--------+--------+-----+--------+

Top non-repeatable levels by time:
     D:1: 664 daAuts
     D:2: 335 daAuts

Table legend:
 A = Non-vault XP
 B = Vault XP
 C = Vault XP percentage of total XP
 D = Non-vault monster count
 E = Vault monster count
 F = Vault count percentage of total count
                 A         B        C        D         E       F
            +---------+---------+-------+---------+---------+-------
      Total |      81 |       0 |   0.0 |      27 |       0 |   0.0
            +---------+---------+-------+---------+---------+-------
        D:1 |      18 |       0 |   0.0 |      11 |       0 |   0.0
        D:2 |      63 |       0 |   0.0 |      16 |       0 |   0.0
            +---------+---------+-------+---------+---------+-------
